 Dungeon Crawl Stone Soup version 0.28-a0-313-gbc0475efdd (webtiles) character file.

Game seed: 15916571724279407459

4184 dracfodder the Basher (level 10, -2/63 HPs)
             Began as a Gargoyle Berserker on Aug 31, 2021.
             Was an Elder of Trog.
             Slain by a two-headed ogre (7 damage)
             ... on level 8 of the Dungeon.
             The game lasted 00:28:02 (10660 turns).

dracfodder the Basher (Gargoyle Berserker)         Turns: 10660, Time: 00:28:04

Health: -2/63      AC: 23    Str: 24    XL:     10   Next: 29%
Magic:  10/10      EV: 12    Int: 11    God:    Trog [****..]
Gold:   231        SH:  0    Dex:  9    Spells: 9/9 levels left

rFire   + . .      SeeInvis .   a - +2 flail (protect)
rCold   x . .      Faith    .   (no shield)
rNeg    + . .      Spirit   .   q - +3 leather armour "Kucla" {rC- Int+3 Slay+2}
rPois   ∞          Reflect  .   (helmet restricted)
rElec   +          Harm     .   v - scarf {+Inv}
rCorr   .          Rampage  .   (no gloves)
Will    .....                   (no boots)
Stlth   ++........              (no amulet)
HPRegen 0.20/turn               e - ring of protection from fire
MPRegen 0.12/turn               (no ring)

@: under a protective aura
A: sickness immunity, AC +7, negative energy resistance 1, electricity
resistance, torment resistance 1, petrification resistance, beak, iridescent
scales 1
a: Renounce Religion, Evoke Invisibility, Berserk, Trog's Hand, Brothers in Arms


You were on level 8 of the Dungeon.
You worshipped Trog.
Trog was greatly pleased with you.
You visited 2 branches of the dungeon, and saw 10 of its levels.

You collected 491 gold pieces.
You spent 260 gold pieces at shops.

Inventory:

Hand Weapons
 a - a +2 flail of protection (weapon)
 l - a +2 falchion of holy wrath
 n - a +0 hunting sling
 z - the +1 short sword of the Goat {flame, Dex+3}
   (You bought it in a shop on level 2 of the Dungeon)

   It burns those it strikes, dealing additional fire damage.
   Dex:       It affects your dexterity (+3).
Missiles
 b - 15 poisoned darts
 d - 19 boomerangs
 f - 134 stones (quivered)
 j - 37 sling bullets
 k - 111 arrows
 s - 70 bolts
Armour
 g - a +0 leather armour
 i - a +2 plate armour of fire resistance
 q - the +3 leather armour "Kucla" (worn) {rC- Int+3 Slay+2}
   (You found it on level 4 of the Dungeon)

   Int:       It affects your intelligence (+3).
   Slay:      It affects your accuracy & damage with ranged weapons and melee
   (+2).
   rC:        It makes you vulnerable to cold.
 v - a scarf of invisibility (worn)
 x - a scarf of resistance
Jewellery
 e - a ring of protection from fire (left hand)
 p - a +6 ring of intelligence
Wands
 u - a wand of flame (26)
 w - a wand of mindburst (3)
 y - a wand of iceblast (8)
Scrolls
 o - 3 scrolls of teleportation
 r - a scroll of enchant armour
 t - 2 scrolls of identify
 A - 2 scrolls of blinking
Potions
 c - 2 potions of flight
 h - 3 potions of cancellation
 m - a potion of invisibility


   Skills:
 + Level 7.1 Fighting
 + Level 0.5 Long Blades
 + Level 10.7 Maces & Flails
 + Level 0.8 Throwing
 + Level 6.2 Armour
 + Level 4.8 Dodging
 + Level 3.1 Stealth
 + Level 0.9 Evocations


You had 9 spell levels left.
You didn't know any spells.
Your spell library was empty.

Dungeon Overview and Level Annotations

Branches:
Dungeon (9/15)             Temple (1/1) D:5
   Lair: D:8-11         Orc: D:9-12

Altars:
Ashenzari
Cheibriados
Dithmenos
Elyvilon
Fedhas
Gozag
Hepliaklqana
Kikubaaqudgha
Makhleb
Nemelex Xobeh
Okawaru
Qazlal
Ru
Sif Muna
Trog
Uskayaw
Vehumet
Wu Jian
Xom
Yredelemnul
Zin
The Shining One
Beogh

Shops:
D:2 (


Innate Abilities, Weirdness & Mutations

You are immune to sickness and miasma.
Your stone body is resilient. (AC +7)
You are immune to poison.
You resist negative energy. (rN+)
You are resistant to electric shocks. (rElec)
You are resistant to unholy torment.
You are immune to petrification.
You have a beak for a mouth.
You are partially covered in iridescent scales. (AC +2)


Message History

There is an open door here.
A steam dragon and a two-headed ogre come into view.
The steam dragon hisses angrily.
You barely miss the steam dragon. Your peck misses the steam dragon.
You sock the steam dragon!
Your weapon exudes an aura of protection.
You peck the steam dragon.
The steam dragon is almost dead.
The two-headed ogre shouts in stereo!
The steam dragon breathes steam at you. The ball of steam hits you. You resist.
You hit the steam dragon but do no damage.
The steam dragon is almost dead.
The steam dragon closely misses you.
The steam dragon claws you but does no damage.
You hit the steam dragon but do no damage.
The steam dragon is almost dead.
The steam dragon misses you.
The steam dragon claws you but does no damage.
You sock the steam dragon!
You kill the steam dragon!
Trog accepts your kill.
Found a kite shield.
You thump the two-headed ogre!
The two-headed ogre is moderately wounded.
The two-headed ogre barely misses you.
The two-headed ogre hits you with a +0 giant spiked club!!
You bludgeon the two-headed ogre!!
The two-headed ogre is heavily wounded.
You barely miss the two-headed ogre.
The two-headed ogre is heavily wounded.
The two-headed ogre hits you with a +0 giant club!
The two-headed ogre barely misses you.
You are too injured to fight recklessly!
You bludgeon the two-headed ogre!! Your peck misses the two-headed ogre.
The two-headed ogre is almost dead.
The two-headed ogre hits you with a +0 giant club!!
* * * LOW HITPOINT WARNING * * *
The two-headed ogre hits you with a +0 giant spiked club!
You die...

# ###.≈######## #
#...≈........ #
#..≈≈....## # #..≈≈....#
###+### # ##≈≈.'####
....... #####≈≈≈..#####
......[ ......≈.........
.......
##........#######.......
........+.......@.......
........#.#######O......
........#.# .......
........#.# .......
..........# .......
##......### #######
#......# ##'#'### #.#.#


You could see a two-headed ogre.

Vanquished Creatures
  The ghost of siradein the Carver, a novice DDFi of Elyvilon (D:6)
  The ghost of flotson the Skirmisher, a novice DsDe of Gozag (D:6)
  Grinder (D:5)
  Eustachio (D:4)
  The ghost of olourkin the Skirmisher, an amateur FoEE (D:3)
  2 steam dragons
  4 vampire mosquitoes (D:7)
  2 water moccasins
  Edmund (D:5)
  3 orc warriors (D:7)
  3 ogres
  2 phantoms
  2 bullfrogs (D:7)
  A bullfrog zombie (D:6)
  A centaur zombie (D:7)
  2 hounds
  3 bullfrog skeletons
  6 orc priests
  3 centaur skeletons
  A gnoll shaman (D:6)
  A jelly (D:6)
  7 iguanas
  2 orc wizards
  6 adders
  A shadow imp (D:6)
  2 white imps (D:7)
  An adder zombie (D:5)
  2 adder skeletons (D:4)
  2 worms
  2 dart slugs
  35 orcs
  3 bats
  12 endoplasms
  3 giant cockroaches
  7 hobgoblins
  7 jackals
  6 kobolds
  5 quokkas
  7 ball pythons
  9 frilled lizards
  12 goblins
  5 rats
178 creatures vanquished.

Vanquished Creatures (others)
  18 plants (D:1)
  6 withered plants (D:6)
24 creatures vanquished.

Grand Total: 202 creatures vanquished

Notes
Turn   | Place    | Note
-------+----------+-------------------------------------------
     0 | D:1      | dracfodder the Gargoyle Berserker began the quest for the
                  | Orb.
     0 | D:1      | Reached XP level 1. HP: 14/14 MP: 1/1
   428 | D:1      | Reached XP level 2. HP: 14/19 MP: 2/2
  1331 | D:1      | Reached XP level 3. HP: 24/24 MP: 3/3
  1425 | D:1      | Reached ** piety under Trog
  2627 | D:2      | Reached XP level 4. HP: 27/29 MP: 4/4
  2835 | D:2      | Found a faded altar of an unknown god.
  2890 | D:2      | Reached skill level 4 in Maces & Flails
  2928 | D:2      | Found Erutopt's Weapon Shop.
  3471 | D:3      | Found a runed translucent door.
  3727 | D:3      | Reached XP level 5. HP: 32/33 MP: 5/5
  3944 | D:3      | Reached *** piety under Trog
  4230 | D:3      | Noticed olourkin's ghost (amateur FoEE)
  4244 | D:3      | Killed olourkin's ghost
  4245 | D:3      | Reached skill level 5 in Maces & Flails
  4245 | D:3      | Reached XP level 6. HP: 38/38 MP: 6/6
  4956 | D:4      | Reached XP level 7. HP: 37/44 MP: 7/7
  5073 | D:5      | Entered Level 5 of the Dungeon
  5172 | D:4      | Noticed Eustachio
  5348 | D:4      | Killed Eustachio
  5349 | D:4      | Reached skill level 6 in Maces & Flails
  5763 | D:4      | Identified the +3 leather armour "Kucla" {rC- Int+3 Slay+2}
  6466 | D:5      | Reached skill level 5 in Fighting
  6466 | D:5      | Reached skill level 7 in Maces & Flails
  6466 | D:5      | Reached XP level 8. HP: 33/49 MP: 8/8
  6478 | D:6      | Reached skill level 5 in Armour
  6614 | D:5      | Found a radiant altar of Vehumet.
  6687 | D:5      | Noticed Edmund
  6701 | D:5      | Killed Edmund
  6720 | D:5      | Noticed Grinder
  6722 | D:5      | Paralysed by Grinder for 7 turns
  6730 | D:5      | Paralysed by Grinder for 3 turns
  6742 | D:5      | Killed Grinder
  6798 | D:5      | Found a staircase to the Ecumenical Temple.
  6809 | D:5      | Reached skill level 8 in Maces & Flails
  7079 | Temple   | Entered the Ecumenical Temple
  7354 | D:6      | Found a hazy altar of Hepliaklqana.
  7503 | D:6      | Found a glowing golden altar of the Shining One.
  8066 | D:6      | Found a runed translucent gate.
  8066 | D:6      | Found a runed translucent gate.
  8165 | D:6      | Reached skill level 1 in Stealth
  8168 | D:6      | Reached **** piety under Trog
  8295 | D:6      | Found a runed translucent gate.
  8296 | D:6      | Noticed flotson's ghost (novice DsDe)
  8297 | D:6      | Noticed siradein's ghost (novice DDFi)
  8341 | D:6      | Reached XP level 9. HP: 55/55 MP: 9/9
  8342 | D:6      | Gained mutation: You have a beak for a mouth. [potion of
                  | mutation]
  8342 | D:6      | Gained mutation: You are partially covered in iridescent
                  | scales. (AC +2) [potion of mutation]
  8682 | D:6      | Killed flotson's ghost
  8683 | D:6      | Reached skill level 9 in Maces & Flails
  8689 | D:6      | Killed siradein's ghost
  8901 | D:7      | Reached skill level 10 in Maces & Flails
  9423 | D:7      | Reached XP level 10. HP: 58/61 MP: 10/10
  9989 | D:7      | Found a glowing silver altar of Zin.
 10274 | D:2      | Bought the +1 short sword of the Goat {flame, Dex+3} for
                  | 260 gold pieces
 10650 | D:8      | Noticed a two-headed ogre
 10660 | D:8      | Slain by a two-headed ogre

Illustrated notes

Levels and vault maps discovered:
D:1:      roderic_crop_circles_arrival_small, layout_rooms,
          minmay_misc_feat_rugged
D:2:      layout_loops_corners, serial_co_window_serial, co_window_corner_a,
          co_window_corner_a, co_window_of_opportunity_a, co_window_paths_a,
          co_window_of_opportunity_a, co_window_2corner, co_window_corner_b,
          co_window_of_opportunity_b, co_window_paths_c, co_window_2corner,
          co_window_unsneaky_path_c, co_window_sun, co_window_paths_d,
          glass_columns_a, glass_columns_a, glass_columns_b, glass_columns_a,
          glass_columns_b, serial_shops, nicolae_diamond_shop,
          chequers_ecumenical_altar_island, minmay_split_cup_small
D:3:      layout_basic, ebering_ghost_reflecting_pool
D:4:      layout_basic, minmay_starry_boxes, uniq_eustachio
D:5:      layout_basic, mainiacjoe_overflow_catwalk,
          minmay_temple_entry_proselytizer, uniq_grinder, uniq_edmund
D:6:      minmay_evil_eye, layout_loops_corners, nzn_hepliaklqana_mist_gate,
          tso_oasis_becter, gammafunk_ghost_cemetery
D:7:      layout_basic, zin_scriptorium, david_defended_altar_orc
D:8:      layout_basic, chequers_serial_rivers_small_a
D:9:      layout_roguey, david_orc_2, special_room [special_room_orc],
          nicolae_straight_to_the_point
Temple:   eino_narrow_crystal_temple

Skill      XL: |  1  2  3  4  5  6  7  8  9 10 |
---------------+-------------------------------+-----
Dodging        | 2 3 4 |  4.8
Armour         | 3 4 5 6 |  6.2
Maces & Flails | 4 5 7 8 10 | 10.7
Fighting       | 4 5 6 7 |  7.1
Stealth        | 1 2 3 |  3.1
Long Blades    | |  0.5
Throwing       | |  0.8
Evocations     | |  0.9

Action                   |  1- 3 |  4- 6 |  7- 9 | 10-12 || total
-------------------------+-------+-------+-------+-------++-------
Melee: Mace              |   163 |   203 |       |       ||   366
       Flail             |       |    10 |   436 |    62 ||   508
       Peck              |       |       |    24 |    18 ||    42
       Falchion          |       |       |       |     3 ||     3
Throw: Stone             |       |    13 |     1 |       ||    14
Invok: Berserk           |       |     3 |     4 |       ||     7
       Trog's Hand       |       |     1 |     4 |       ||     5
Evoke: Wand              |       |       |       |    13 ||    13
  Use: Scroll            |     7 |     4 |     4 |       ||    15
       Potion            |       |       |     2 |       ||     2
 Stab: Sleeping          |       |       |     1 |     1 ||     2
Armor: Animal skin       |    24 |       |       |       ||    24
       Leather armour    |    35 |     8 |   106 |    32 ||   181
       Plate armour      |       |   162 |   230 |       ||   392
Dodge: Dodged            |   109 |    74 |   232 |    44 ||   459

Table legend: (Time is in decaauts)
 A = Elapsed time spent in this place.
 B = Non-inter-level travel time spent in this place.
 C = Inter-level travel time spent in this place.
 D = Time resting spent in this place.
 E = Time spent auto-exploring this place.
 F = Levels seen in this place.
 G = Mean time per level.
                   A        B        C        D        E       F      G
               +--------+--------+--------+--------+--------+-----+--------+
         Total |  10837 |  10249 |    588 |    898 |   7216 |  10 | 1083.7 |
       Dungeon |  10653 |  10074 |    579 |    898 |   7053 |   9 | 1183.7 |
        Temple |    183 |    174 |      9 |      0 |    163 |   1 |  183.0 |
               +--------+--------+--------+--------+--------+-----+--------+

Top non-repeatable levels by time:
     D:4: 1965 daAuts
     D:1: 1913 daAuts
     D:2: 1790 daAuts
     D:7: 1381 daAuts
     D:6: 1264 daAuts
     D:5: 1081 daAuts
     D:3: 878 daAuts
     D:8: 362 daAuts
  Temple: 183 daAuts
     D:9: 14 daAuts
